 Dungeon Crawl Stone Soup version 0.20.0-15-g7f486f2 (webtiles) character file.

54 vishdafish the Shield-Bearer (level 3, 0/23 HPs)
             Began as a Gargoyle Fighter on June 21, 2017.
             Slain by Sigmund
             ... wielding a +2 scythe of venom
              (3 damage)
             ... on level 2 of the Dungeon.
             The game lasted 00:02:22 (1731 turns).

vishdafish the Shield-Bearer (Gargoyle Fighter)     Turns: 1731, Time: 00:02:23

Health: 0/23       AC: 10    Str: 19    XL:     3   Next: 91%
Magic:  3/3        EV:  7    Int:  8    God:
Gold:   70         SH:  9    Dex: 10    Spells: 2/2 levels left

rFire    . . .     SeeInvis .   h - +0 whip
rCold    . . .     Gourm    .   c - +0 shield
rNeg     + . .     Faith    .   b - +0 scale mail
rPois    ∞         Spirit   .   (no helmet)
rElec    +         Reflect  .   (no cloak)
rCorr    .         Harm     .   (no gloves)
MR       .....                  (no boots)
Stlth    ..........             (no amulet)
Regen    0.1/turn               (no ring)
MPRegen  0.1/turn               (no ring)

@: about to teleport
A: negative energy resistance 1, electricity resistance, unbreathing,
petrification resistance, rot immunity, AC +3
a: no special abilities


You were on level 2 of the Dungeon.
You were not hungry.

You visited 1 branch of the dungeon, and saw 2 of its levels.

You collected 70 gold pieces.

Inventory:

Hand Weapons
 a - a +0 flail
 h - a +0 whip (weapon)
Armour
 b - a +0 scale mail (worn)
 c - a +0 shield (worn)
Jewellery
 p - an uncursed amulet of regeneration {unknown}
Scrolls
 f - a scroll of amnesia {unknown}
 g - 2 scrolls of remove curse {unknown}
 j - a scroll of teleportation
 k - 3 scrolls of recharging {unknown}
 m - 2 scrolls of magic mapping {unknown}
 o - 4 scrolls of identify {unknown}
 q - a scroll of noise {unknown}
 r - a scroll of fog {unknown}
 u - a scroll of enchant weapon {unknown}
Potions
 d - a potion of might
 e - 2 potions of brilliance {unknown}
 i - a potion of agility {unknown}
 n - a potion of haste {unknown}
 t - a potion of heal wounds {unknown}
Comestibles
 l - 2 meat rations
 s - 2 bread rations


   Skills:
 + Level 3.4 Fighting
 + Level 2.4 Maces & Flails
 + Level 3.8 Armour
 + Level 1.0 Dodging
 + Level 4.0 Shields


You had 2 spell levels left.
You didn't know any spells.

Dungeon Overview and Level Annotations

Branches:
Dungeon (2/15)

Altars:
Fedhas

Annotations:
D:2 Sigmund


Innate Abilities, Weirdness & Mutations

You are resistant to torment.
Your stone body is resilient. (AC +3)
You are immune to poison.
You resist negative energy. (rN+)
You are resistant to electric shocks. (rElec)
You can survive without breathing.
You are immune to petrification.
You are immune to rotting.


Message History

* * * LOW HITPOINT WARNING * * *
You are too injured to fight recklessly!
You are too injured to fight recklessly!
You are too injured to fight recklessly!
You are too injured to fight recklessly!
You are too injured to fight recklessly!
You are too injured to fight recklessly!
You are too injured to fight recklessly!
You are too injured to fight recklessly!
Something hits you but does no damage.
You see here a club.
You hit something but do no damage. You miss something. Something hits you.
* * * LOW HITPOINT WARNING * * *
Something hits you but does no damage.
You see here a club.
As you read the scroll labeled ZUH UTO YRGHAUBB, it crumbles to dust.
You feel strangely unstable.
It was a scroll of teleportation.
Something hits you.
You die...

#.# #.# #<#
#.# #.# #.#
#######.#
#.# #.#
#.....#.#
#.# #†#
#.###.#.#
#.# #.# #.#
#...# #.#
#.#
#.###.###
#.# ..#
#.....# #.#
### ###.###
#@#
####.####
#.#
#.......#
#.#
#.#####.#
#.# ####.#
#.#####.#
.....#
#.......#
#.##.#
#.#######
#....#####.#
####.......#


There were no monsters in sight!

Vanquished Creatures
  An adder (D:2)
  A dart slug (D:2)
  A leopard gecko (D:1)
  3 giant cockroaches (D:1)
  6 goblins
  6 hobgoblins
  4 jackals (D:1)
  A quokka (D:2)
  A ball python (D:1)
  4 bats
  A frilled lizard (D:1)
  5 kobolds (D:1)
  5 rats
39 creatures vanquished.

Notes
Turn   | Place    | Note
-------+----------+-------------------------------------------
     0 | D:1      | vishdafish the Gargoyle Fighter began the quest for the Orb.
     0 | D:1      | Reached XP level 1. HP: 14/14 MP: 1/1
   133 | D:1      | Reached XP level 2. HP: 7/19 MP: 2/2
   770 | D:1      | Reached XP level 3. HP: 20/23 MP: 3/3
  1192 | D:2      | Reached skill level 1 in Dodging
  1549 | D:2      | Reached skill level 4 in Shields
  1617 | D:2      | Found a blossoming altar of Fedhas.
  1717 | D:2      | Noticed Sigmund
  1731 | D:2      | Slain by Sigmund

Skill      XL: |  1  2  3 |
---------------+----------+-----
Dodging        | 1 |  1.0
Shields        | 4 |  4.0
Fighting       | |  3.4
Maces & Flails | |  2.4
Armour         | |  3.8

Action                   || total
-------------------------++-------
Melee: Flail             ||    60
       Whip              ||   210
  Use: Scroll            ||     1
  Eat: Bread ration      ||     1
Armor: Scale mail        ||   164
Dodge: Dodged            ||    87
Block: Shield            ||   146
